 Dungeon Crawl Stone Soup version 0.28-a0-1447-ga5a8893891 (webtiles) character file.

Game seed: 14930048860531724319

14474 HallandMoats the Fighter (level 11, -8/92 HPs)
             Began as a Demonspawn Fighter on Jan 11, 2022.
             Was an Elder of Okawaru.
             Mangled by a freezing wraith (18 damage)
             ... on level 11 of the Dungeon.
             The game lasted 00:23:34 (17933 turns).

HallandMoats the Fighter (Demonspawn Fighter)      Turns: 17933, Time: 00:23:35

Health: -8/92      AC: 14    Str: 21    XL:     11   Next: 89%
Magic:  16/16      EV: 13    Int:  9    God:    Okawaru [****..]
Gold:   848        SH:  5    Dex: 13    Spells: 10/10 levels left

rFire   + . .      SeeInvis .   b - +1 scimitar (flame)
rCold   . . .      Faith    .   c - +0 buckler
rNeg    . . .      Spirit   .   t - +0 ring mail {rF+}
rPois   .          Reflect  .   p - +0 helmet
rElec   .          Harm     .   (no cloak)
rCorr   .          Rampage  .   (no gloves)
Will    +....                   (no boots)
Stlth   +.........              (no amulet)
HPRegen 0.25/turn               o - ring of willpower
MPRegen 0.15/turn               y - +4 ring of protection

@: no status effects
A: claws 1, icy blue scales 2, ignite blood 2, spiny 2
a: Renounce Religion, Heroism, Finesse


You were on level 11 of the Dungeon.
You worshipped Okawaru.
Okawaru was greatly pleased with you.
You visited 2 branches of the dungeon, and saw 12 of its levels.
You also visited: Sewer.

You collected 848 gold pieces.

Inventory:

Hand Weapons
 a - a +1 hand axe of venom
 b - a +1 scimitar of flaming (weapon)
Missiles
 f - a throwing net (quivered)
Armour
 c - a +0 buckler (worn)
 p - a +0 helmet (worn)
 t - a +0 ring mail of fire resistance (worn)
Jewellery
 o - a ring of willpower (left claw)
 y - a +4 ring of protection (right claw)
Wands
 h - a wand of digging (3)
 j - a wand of iceblast (4)
 u - a wand of flame (62)
 w - a wand of acid (10)
Scrolls
 g - 6 scrolls of teleportation
 k - 2 scrolls of magic mapping
 m - a scroll of amnesia
 r - a scroll of vulnerability {unknown}
 x - 2 scrolls of immolation
Potions
 d - a potion of might
 e - a potion of lignification {unknown}
 i - a potion of resistance {unknown}
 l - 3 potions of haste
 n - 5 potions of flight
 s - a potion of degeneration {unknown}
 v - 2 potions of brilliance {unknown}
 z - a potion of berserk rage {unknown}
Miscellaneous
 C - a phial of floods


   Skills:
 * Level 10.5 Fighting
 * Level 9.4 Axes
 + Level 6.9 Armour
 + Level 6.2 Dodging
 - Level 6.9 Shields
 + Level 7.9 Invocations


You had 10 spell levels left.
You didn't know any spells.
Your spell library contained the following spells:

 Spells                   Type           Power      Damage    Failure   Level
 Magic Dart               Conj           0%         1d3       63%         1
 Dazzling Flash           Conj/Hex       0%         N/A       94%         3
 Gell's Gravitas          Tloc           0%         N/A       94%         3
 Mephitic Cloud           Conj/Pois/Air  0%         N/A       94%         3
 Teleport Other           Tloc           0%         N/A       94%         3
 Agony                    Necr           0%         N/A       100%        5
 Alistair's Intoxication  Tmut/Pois      0%         N/A       100%        5
 Borgnjor's Vile Clutch   Necr/Erth      0%         N/A       100%        5
 Silence                  Hex/Air        0%         N/A       100%        5
 Dispersal                Tloc           0%         N/A       100%        6
 Eringya's Noxious Bog    Tmut/Pois      0%         N/A       100%        6
 Call Imp                 Summ           Unusable   N/A       N/A         2

Dungeon Overview and Level Annotations

Branches:
Dungeon (11/15)            Temple (1/1) D:6            Lair (0/6) D:8
    Orc (0/2) D:11          Sewer (visited)

Altars:
Ashenzari
Cheibriados
Dithmenos
Elyvilon
Fedhas
Gozag
Hepliaklqana
Kikubaaqudgha
Makhleb
Nemelex Xobeh
Okawaru
Qazlal
Ru
Sif Muna
Trog
Uskayaw
Vehumet
Wu Jian
Xom
Yredelemnul
Zin
The Shining One

Shops:
D:8 *   D:10 :

Portals:
Abyss: D:4

Annotations:
D:4 2 transporters, Grognak's ghost, novice MiFi


Innate Abilities, Weirdness & Mutations

You have sharp fingernails.
You are mostly covered in icy blue scales. (AC +3)
Your demonic aura often causes spilled blood to erupt in flames.
You are mostly covered in sharp spines.


Message History

You slash the freezing wraith!
The freezing wraith is moderately damaged.
The freezing wraith is struck by your spines.
The freezing wraith hits you. The freezing wraith freezes you!!
* * * LOW HITPOINT WARNING * * *
The freezing wraith closely misses you.
You hit the freezing wraith but do no damage.
The freezing wraith is moderately damaged.
The freezing wraith hits you.
* * * LOW HITPOINT WARNING * * *
The freezing wraith freezes you!!
* * * LOW HITPOINT WARNING * * *
The freezing wraith hits you but does no damage.
Okay, then.
You feel better.
The freezing wraith hits you but does no damage.
You block the freezing wraith's attack.
The freezing wraith is struck by your spines.
The freezing wraith hits you but does no damage.
The freezing wraith barely misses you.
You feel like a meek peon again.
The freezing wraith is struck by your spines.
The freezing wraith misses you. The freezing wraith barely misses you.
You feel yourself speed up.
The freezing wraith completely misses you.
The freezing wraith closely misses you.
You see here 28 stones.
There is a stone staircase leading down here.
Your +1 hand axe of venom stops dripping with poison.
Your +1 scimitar of flaming bursts into flame!
b - a +1 scimitar of flaming (weapon)
The freezing wraith is struck by your spines.
The freezing wraith hits you but does no damage.
The freezing wraith misses you.
You barely miss the freezing wraith.
The freezing wraith is severely damaged.
The freezing wraith hits you!
* * * LOW HITPOINT WARNING * * *
The freezing wraith freezes you!!
You die...

....##.# #.......# #.###._
....##.# #..####.# #.#..(.
..#.##<# #..# #.#####.#...#
.##.##.## #[)# #.......#...#
........#######.)# #.##..#.'####
....##...........# #.###.#.....#
.#..###.#####...## #.# #.#.###.#
.#..###.......#######.###.>......
.......######..W@............#.##
.#.<##.# #.#######........#.##
.#..##.# #.# ########.#.##
..#.##.# #.# ######### .###.#.#
####.# #......## ## ##..# #..>.#
#..##..#. .###..## #.####
#..#..##. #.#.#.# #.# #.##..#..
##)##.# #.# #)#..##..


You could see a freezing wraith.

Vanquished Creatures
  Harold (D:7)
  2 boulder beetles
  2 centaur warriors (D:10)
  Urug (D:10)
  Pikel (D:7)
  A manticore (D:10)
  3 ugly things (D:10)
  3 cyclopes (D:11)
  Joseph (D:7)
  Maggie (D:7)
  A komodo dragon (D:9)
  An efreet (D:10)
  A troll (D:11)
  Grinder (D:6)
  A hornet (D:9)
  Sigmund (D:4)
  A centaur simulacrum (D:11)
  A shadow (D:10)
  5 wyverns
  A basilisk (D:11)
  9 yaks
  Menkaure (D:7)
  3 water moccasins
  Duvessa (D:7)
  An ice beast (D:6)
  4 orc warriors
  A black bear (D:6)
  A necrophage (D:8)
  4 ogres
  A phantom (D:6)
  3 centaurs
  2 bullfrogs (D:6)
  A water moccasin zombie (D:6)
  A scorpion (D:5)
  Dowan (D:7)
  4 centaur zombies
  A bullfrog zombie (D:5)
  A hound (D:7)
  5 orc priests
  2 jellies
  Terence (D:2)
  3 iguanas
  A merfolk siren (Sewer)
  5 orc wizards
  A merfolk avatar (Sewer)
  A killer bee zombie (D:8)
  A hound zombie (D:5)
  A howler monkey zombie (D:10)
  2 river rats
  10 adders
  A shadow imp (D:8)
  2 ufetubi
  An adder skeleton (D:4)
  3 dart slugs (D:1)
  54 orcs
  7 bats
  8 endoplasms
  9 giant cockroaches
  7 goblins
  5 hobgoblins
  4 kobolds
  4 ball pythons
  11 frilled lizards
  A quokka skeleton (D:3)
  31 rats
251 creatures vanquished.

Vanquished Creatures (others)
  A wyvern zombie (D:7)
  A centaur zombie (D:7)
  2 plants (D:6)
4 creatures vanquished.

Grand Total: 255 creatures vanquished

Notes
Turn   | Place    | Note
-------+----------+-------------------------------------------
     0 | D:1      | HallandMoats the Demonspawn Fighter began the quest for the
                  | Orb.
     0 | D:1      | Reached XP level 1. HP: 18/18 MP: 1/1
   418 | D:1      | Gained mutation: You are partially covered in sharp spines.
                  | [demonic ancestry]
   418 | D:1      | Reached XP level 2. HP: 20/24 MP: 2/2
   822 | D:1      | Gained mutation: Your demonic aura sometimes causes spilled
                  | blood to erupt in flames. [demonic ancestry]
   822 | D:1      | Reached XP level 3. HP: 25/29 MP: 3/3
   969 | D:2      | Noticed Terence
   977 | D:2      | Killed Terence
  1242 | D:2      | Found a faded altar of an unknown god.
  1913 | D:3      | Reached skill level 1 in Dodging
  1913 | D:3      | Gained mutation: You have sharp fingernails. [demonic
                  | ancestry]
  1913 | D:3      | Reached XP level 4. HP: 37/37 MP: 4/4
  2483 | D:3      | Found a glowing drain.
  2488 | Sewer    | Entered a sewer
  2569 | Sewer    | Reached skill level 4 in Fighting
  2613 | Sewer    | Gained mutation: You are partially covered in icy blue
                  | scales. (AC +2) [demonic ancestry]
  2613 | Sewer    | Reached XP level 5. HP: 40/42 MP: 5/5
  3519 | D:4      | Noticed Sigmund
  3538 | D:4      | Killed Sigmund
  3539 | D:4      | Gained mutation: You are mostly covered in icy blue scales.
                  | (AC +3) [demonic ancestry]
  3539 | D:4      | Reached XP level 6. HP: 19/49 MP: 6/6
  3765 | D:4      | Noticed a small abomination
  3775 | D:4      | Found a transporter.
  4362 | D:4      | Found a transporter.
  4409 | D:4      | Found a one-way gate to the infinite horrors of the Abyss.
  4409 | D:4      | Noticed Grognak's ghost (novice MiFi)
  4437 | D:4      | Reached XP level 7. HP: 55/55 MP: 7/7
  4523 | D:4      | Noticed a toenail golem
  4527 | D:4      | Noticed a small abomination
  4763 | D:5      | Entered Level 5 of the Dungeon
  5496 | D:5      | Reached skill level 5 in Fighting
  5510 | D:5      | Found a blossoming altar of Fedhas.
  5513 | D:5      | Found a hide-covered altar of Uskayaw.
  5513 | D:5      | Found a shadowy altar of Dithmenos.
  5513 | D:5      | Found a radiant altar of Vehumet.
  5515 | D:5      | Found a stormy altar of Qazlal.
  6107 | D:5      | Identified the +3 leather armour "Cune Giru" {+Blink rPois
                  | Str-3}
  6177 | D:6      | Found a staircase to the Ecumenical Temple.
  6187 | Temple   | Entered the Ecumenical Temple
  6606 | D:6      | Noticed Grinder
  6619 | D:6      | Paralysed by Grinder for 6 turns
  6742 | D:6      | Reached skill level 1 in Invocations
  7021 | D:6      | Killed Grinder
  7022 | D:6      | Reached skill level 5 in Axes
  7022 | D:6      | Gained mutation: You are mostly covered in sharp spines.
                  | [demonic ancestry]
  7022 | D:6      | Reached XP level 8. HP: 46/64 MP: 7/9
  7154 | D:6      | Reached skill level 6 in Fighting
  7710 | D:7      | Noticed Menkaure
  7735 | D:7      | Noticed Joseph
  8387 | D:7      | Killed Joseph
  8388 | D:7      | Reached XP level 9. HP: 19/71 MP: 11/11
  8659 | D:7      | Noticed Maggie
  8668 | D:7      | Killed Maggie
  8669 | D:7      | Reached skill level 7 in Fighting
  8724 | D:7      | Reached skill level 5 in Shields
  8727 | D:7      | HP: 3/72 [wyvern (12)]
  8733 | D:7      | Reached skill level 5 in Armour
  9072 | D:7      | Noticed Dowan
  9075 | D:7      | Noticed Duvessa
  9077 | D:7      | Noticed Pikel
  9082 | D:7      | Killed Dowan
  9086 | D:7      | Killed Duvessa
  9099 | D:7      | Killed Pikel
  9370 | D:7      | Found a bloodstained altar of Trog.
  9500 | D:7      | Noticed Harold
 10833 | D:7      | Killed Menkaure
 10834 | D:7      | Reached skill level 8 in Fighting
 11098 | D:7      | Killed Harold
 11099 | D:7      | Reached skill level 5 in Invocations
 11099 | D:7      | Reached XP level 10. HP: 46/80 MP: 13/13
 11264 | D:8      | Found a burning altar of Makhleb.
 11296 | D:8      | Noticed a boulder beetle
 11312 | D:8      | Killed a boulder beetle
 11565 | D:8      | Found an ornate altar of the Wu Jian Council.
 11887 | D:8      | Found a staircase to the Lair.
 11962 | D:8      | Found a broken altar of Ashenzari.
 12116 | D:8      | Found Birooxus's Demolitions Depot.
 12178 | D:9      | Paralysed by a hornet for 1 turns
 12181 | D:9      | Reached skill level 5 in Dodging
 12485 | D:9      | Found an iron altar of Okawaru.
 12570 | D:9      | Became a worshipper of Warmaster Okawaru
 12933 | D:9      | Reached skill level 9 in Fighting
 13943 | D:10     | Entered Level 10 of the Dungeon
 13962 | D:10     | Reached * piety under Okawaru
 14081 | D:10     | Found Hodedghu's Book Shoppe.
 14099 | D:10     | Gained mutation: Your demonic aura often causes spilled
                  | blood to erupt in flames. [demonic ancestry]
 14099 | D:10     | Reached XP level 11. HP: 85/89 MP: 15/15
 14311 | D:10     | Noticed Urug
 14325 | D:10     | Killed Urug
 14674 | D:10     | Noticed a brown ugly thing
 14674 | D:10     | Noticed a red ugly thing
 14858 | D:10     | Noticed a five-headed hydra
 14954 | D:10     | Noticed a centaur warrior
 14966 | D:10     | Killed a centaur warrior
 14966 | D:10     | Reached ** piety under Okawaru
 15179 | D:10     | Noticed a centaur warrior
 15184 | D:10     | Noticed a white ugly thing
 15195 | D:10     | Killed a brown ugly thing
 15200 | D:10     | Killed a white ugly thing
 15611 | D:10     | Killed a red ugly thing
 15625 | D:10     | Killed a centaur warrior
 15625 | D:10     | Reached *** piety under Okawaru
 15626 | D:10     | Reached skill level 10 in Fighting
 16174 | D:11     | Found a sacrificial altar of Ru.
 16821 | D:11     | Noticed a boulder beetle
 16837 | D:11     | Killed a boulder beetle
 17313 | D:11     | Found a staircase to the Orcish Mines.
 17739 | D:11     | Reached **** piety under Okawaru
 17888 | D:11     | HP: 1/92 [freezing wraith (20)]
 17933 | D:11     | Mangled by a freezing wraith

Illustrated notes

Levels and vault maps discovered:
D:1:      wander_arrival_estate, layout_loops_ring, st_stairs_11
D:2:      layout_loops_cross, ebering_ecumenical_altar_abandoned,
          nicolae_figureground_pulse, uniq_terence
D:3:      layout_rooms, portal_sewer_entry_e, chequers_serial_rivers_micro_e,
          minmay_quadrilaterals
D:4:      layout_cave_pods, gammafunk_ghost_abyssal_escape,
          nicolae_elevator_lobby_plus, uniq_sigmund
D:5:      layout_basic, grunt_temple_overflow_open
D:6:      layout_loops_ring, minmay_temple_entry_gardened_gates, kennysheep_nub,
          uniq_grinder
D:7:      layout_cave_pools, mainiacjoe_overflow_alcove_1,
          minmay_misc_feat_cross, uniq_pikel, uniq_maggie, uniq_joseph,
          uniq_duvessa, uniq_menkaure, uniq_harold
D:8:      layout_rooms, ashenzari_conservatory_becter,
          mainiacjoe_overflow_cross_hatched, pdpol_wu_jian_five_deadly_venoms,
          nicolae_blasting_shop, sigmund_army
D:9:      layout_grid_maze, mainiacjoe_overflow_alcove_2, special_room
          [special_room_orc], serial_rivers, chequers_serial_rivers_micro_e,
          chequers_serial_rivers_micro_c, chequers_serial_rivers_micro_a,
          chequers_serial_rivers_large_b
D:10:     minmay_the_grid_triangle_9x9_rhombus_thin
          [minmay_the_grid_triangle_9x9_zippers_horizontal,
          minmay_the_grid_triangle_9x9_prize_insulated,
          minmay_the_grid_triangle_9x9_limited_checkers,
          minmay_the_grid_triangle_9x9_zippers_vertical], layout_cave_pools,
          serial_shops, nicolae_shop_crystal, uniq_urug
D:11:     minmay_tri_box, layout_loops_ring, orc_david_3,
          nicolae_ru_great_annihilating_truth
Temple:   compressed_dpeg_triangle_lava_temple

Skill      XL: |  1  2  3  4  5  6  7  8  9 10 11 |
---------------+----------------------------------+-----
Axes           | 2 3 4 5 6 7 8 9 |  9.4
Armour         | 3 4 5 6 |  6.9
Shields        | 3 4 5 6 |  6.9
Dodging        | 1 2 3 4 5 6 |  6.2
Fighting       | 4 5 6 8 9 10 | 10.5
Invocations    | 1 3 5 6 7 |  7.9

Action                   |  1- 3 |  4- 6 |  7- 9 | 10-12 || total
-------------------------+-------+-------+-------+-------++-------
Melee: War axe           |    16 |       |       |       ||    16
       Dagger            |    50 |   153 |   225 |   174 ||   602
       Hand axe          |       |       |       |   183 ||   183
       Scimitar          |       |       |       |     1 ||     1
       Punch             |       |       |       |     1 ||     1
Throw: Throwing net      |       |       |     2 |       ||     2
Invok: Heroism           |       |       |       |     5 ||     5
Evoke: Wand              |       |       |       |     2 ||     2
  Use: Scroll            |       |     6 |     2 |     5 ||    13
       Potion            |       |       |     3 |     8 ||    11
 Stab: Invisible         |       |       |     3 |     3 ||     6
       Held in net/web   |       |       |     1 |       ||     1
       Paralysed         |       |       |       |     1 ||     1
Armor: Scale mail        |    24 |    42 |    90 |       ||   156
       Ring mail         |       |       |    20 |   138 ||   158
Dodge: Dodged            |    24 |    48 |   114 |   181 ||   367
Block: Buckler           |    10 |    26 |    62 |    76 ||   174

Table legend: (Time is in decaauts)
 A = Elapsed time spent in this place.
 B = Non-inter-level travel time spent in this place.
 C = Inter-level travel time spent in this place.
 D = Time resting spent in this place.
 E = Time spent auto-exploring this place.
 F = Levels seen in this place.
 G = Mean time per level.
                   A        B        C        D        E       F      G
               +--------+--------+--------+--------+--------+-----+--------+
         Total |  18027 |  17694 |    333 |   5847 |   9114 |  13 | 1386.7 |
       Dungeon |  16952 |  16633 |    319 |   5847 |   8283 |  11 | 1541.1 |
        Temple |    259 |    245 |     14 |      0 |    238 |   1 |  259.0 |
         Sewer |    815 |    815 |      0 |      0 |    593 |   1 |  815.0 |
               +--------+--------+--------+--------+--------+-----+--------+

Top non-repeatable levels by time:
     D:6: 2645 daAuts
     D:9: 2165 daAuts
     D:7: 1970 daAuts
    D:10: 1928 daAuts
    D:11: 1670 daAuts
     D:3: 1413 daAuts
     D:2: 1212 daAuts
     D:8: 1173 daAuts
     D:4: 1132 daAuts
     D:1: 974 daAuts
   Sewer: 815 daAuts
     D:5: 665 daAuts
  Temple: 259 daAuts
